 Dungeon Crawl Stone Soup version 0.29.1-15-g9cfb28693d (webtiles) character file.

Game seed: 1453045513664362042

9 Artool the Trooper (level 2, 0/24 HPs)
             Began as a Demonspawn Fighter on Apr 6, 2023.
             Slain by a frilled lizard (2 damage)
             ... on level 1 of the Dungeon.
             The game lasted 00:00:46 (497 turns).

Artool the Trooper (Demonspawn Fighter)              Turns: 497, Time: 00:00:46

Health: 0/24       AC:  6    Str: 16    XL:     2   Next: 6%
Magic:  2/2        EV:  8    Int:  9    God:
Gold:   0          SH:  4    Dex: 12    Spells: 1/1 levels left

rFire   . . .      SeeInvis .   a - +0 flail
rCold   . . .      Faith    .   c - +0 buckler
rNeg    . . .      Spirit   .   b - +0 scale mail
rPois   .          Reflect  .   (no helmet)
rElec   .          Harm     .   (no cloak)
rCorr   .          Rampage  .   (no gloves)
Will    .....                   (no boots)
Stlth   ..........              (no amulet)
HPRegen 0.08/turn               (no ring)
MPRegen 0.08/turn               (no ring)

@: no status effects
A: hooves 1
a: no special abilities


You were on level 1 of the Dungeon.
You visited 1 branch of the dungeon, and saw 1 of its levels.

Inventory:

Hand Weapons
 a - a +0 flail (weapon)
Armour
 b - a +0 scale mail (worn)
 c - a +0 buckler (worn)
Scrolls
 e - a scroll of fear {unknown}
 g - a scroll of brand weapon {unknown}
 h - a scroll of enchant weapon {unknown}
Potions
 d - a potion of might
 f - a potion of heal wounds {unknown}


   Skills:
 + Level 3.1 Fighting
 + Level 2.0 Maces & Flails
 + Level 2.8 Armour
 + Level 2.8 Shields


You had one spell level left.
You didn't know any spells.
Your spell library was empty.

Dungeon Overview and Level Annotations

Branches:
Dungeon (1/15)

Altars:


Innate Abilities, Weirdness & Mutations

You have large cloven feet.


Message History

The frilled lizard bites you.
The frilled lizard bites you but does no damage.
The frilled lizard bites you.
The frilled lizard bites you but does no damage.
The frilled lizard bites you. The frilled lizard closely misses you.
The frilled lizard bites you but does no damage.
You block the frilled lizard's attack. The frilled lizard misses you.
The frilled lizard bites you. The frilled lizard bites you.
The frilled lizard bites you but does no damage.
The frilled lizard barely misses you. The frilled lizard closely misses you.
The frilled lizard bites you.
* * * LOW HITPOINT WARNING * * *
The frilled lizard barely misses you. The frilled lizard barely misses you.
The frilled lizard barely misses you. The frilled lizard barely misses you.
The frilled lizard closely misses you. You block the frilled lizard's attack.
You block the frilled lizard's attack.
The frilled lizard bites you but does no damage.
The frilled lizard barely misses you.
The frilled lizard bites you but does no damage.
The frilled lizard bites you.
* * * LOW HITPOINT WARNING * * *
The frilled lizard bites you.
* * * LOW HITPOINT WARNING * * *
The frilled lizard bites you.
* * * LOW HITPOINT WARNING * * *
The frilled lizard bites you.
* * * LOW HITPOINT WARNING * * *
The frilled lizard completely misses you.
The frilled lizard misses you. The frilled lizard closely misses you.
You block the frilled lizard's attack. The frilled lizard bites you.
You die...

#......#
#..#
#......#
#..#
#......#
#..#
#......#
#..#
#......
#..# #[##
#.#
###+####.#
......l@.#
##......##
....###?#
.## #.#
#.. ###


You could see a frilled lizard.

Vanquished Creatures
  An endoplasm (D:1)
  A giant cockroach (D:1)
  2 hobgoblins (D:1)
  A quokka (D:1)
  2 bats (D:1)
  A frilled lizard (D:1)
  A kobold (D:1)
9 creatures vanquished.

Notes
Turn   | Place    | Note
-------+----------+-------------------------------------------
     0 | D:1      | Artool the Demonspawn Fighter began the quest for the Orb.
     0 | D:1      | Reached XP level 1. HP: 18/18 MP: 1/1
   334 | D:1      | Gained mutation: You have large cloven feet. [demonic
                  | ancestry]
   334 | D:1      | Reached XP level 2. HP: 24/24 MP: 2/2
   492 | D:1      | HP: 1/24 [frilled lizard (2)]
   497 | D:1      | Slain by a frilled lizard

Illustrated notes

Levels and vault maps discovered:
D:1:      lightli_arrival_windingriver, layout_basic, serial_rivers,
          chequers_serial_rivers_micro_d, chequers_serial_rivers_small_b,
          chequers_serial_rivers_micro_b, chequers_serial_rivers_micro_b,
          hellmonk_ecumenical_altar_inner_sanctum

Skill      XL: |  1 |
---------------+----+-----
Maces & Flails | 2 |  2.0
Fighting       | |  3.1
Armour         | |  2.8
Shields        | |  2.8

Action                   || total
-------------------------++-------
Melee: Flail             ||    30
Armor: Scale mail        ||    55
Dodge: Dodged            ||    46
Block: Buckler           ||    28
